 Dungeon Crawl Stone Soup version 0.29.1-2-gbd0b4ee654 (webtiles) character file.

Game seed: 12937158793508980460

7 SirLogeyBear the Trooper (level 2, -1/27 HPs)
             Began as a Hill Orc Fighter on Oct 28, 2022.
             Slain by a hobgoblin (2 damage)
             ... on level 1 of the Dungeon.
             The game lasted 00:03:53 (220 turns).

SirLogeyBear the Trooper (Hill Orc Fighter)          Turns: 220, Time: 00:03:54

Health: -1/27      AC:  6    Str: 18    XL:     2   Next: 4%
Magic:  2/2        EV:  9    Int:  8    God:
Gold:   0          SH:  4    Dex: 10    Spells: 1/1 levels left

rFire   . . .      SeeInvis .   a - +0 flail
rCold   . . .      Faith    .   c - +0 buckler
rNeg    . . .      Spirit   .   b - +0 scale mail
rPois   .          Reflect  .   (no helmet)
rElec   .          Harm     .   (no cloak)
rCorr   .          Rampage  .   (no gloves)
Will    .....                   (no boots)
Stlth   ..........              (no amulet)
HPRegen 0.09/turn               (no ring)
MPRegen 0.08/turn               (no ring)

@: mighty, lethally poisoned (-1 -> -10)
A: no striking features
a: no special abilities


You were on level 1 of the Dungeon.
You visited 1 branch of the dungeon, and saw 1 of its levels.

Inventory:

Hand Weapons
 a - a +0 flail (weapon)
Armour
 b - a +0 scale mail (worn)
 c - a +0 buckler (worn)
 f - a +0 leather armour
Scrolls
 d - a scroll of noise {unknown}
 e - 2 scrolls of teleportation {unknown}
Potions
 g - 2 potions of mutation {unknown}


   Skills:
 + Level 3.9 Fighting
 + Level 2.2 Maces & Flails
 + Level 3.5 Armour
 + Level 3.4 Shields


You had one spell level left.
You didn't know any spells.
Your spell library was empty.

Dungeon Overview and Level Annotations

Branches:
Dungeon (1/15)

Altars:


Message History

The bat closely misses you. The bat hits you but does no damage.
The bat barely misses you.
The hobgoblin hits you but does no damage.
A quokka comes into view.
You sock the bat!
You kill the bat!
The hobgoblin hits you but does no damage.
You block the giant cockroach's attack.
You barely miss the giant cockroach. The hobgoblin barely misses you.
The giant cockroach bites you but does no damage.
The hobgoblin closely misses you.
You barely miss the giant cockroach.
The giant cockroach bites you but does no damage.
The giant cockroach closely misses you.
The hobgoblin hits you but does no damage.
You barely miss the giant cockroach. You block the giant cockroach's attack.
The hobgoblin hits you but does no damage.
The giant cockroach barely misses you.
You hit the giant cockroach.
You kill the giant cockroach!
The hobgoblin hits you.
The hobgoblin hits you but does no damage.
The frilled lizard bites you but does no damage.
You have reached level 2!
You miss the frilled lizard. You block the frilled lizard's attack.
You miss the frilled lizard. You block the hobgoblin's attack.
The frilled lizard completely misses you.
The frilled lizard bites you but does no damage.
You block the hobgoblin's attack.
The goblin hits you with a +0 dagger of venom.
* * * LOW HITPOINT WARNING * * *
You completely miss the hobgoblin. The goblin hits you but does no damage.
You are lethally poisoned!
You block the frilled lizard's attack. The hobgoblin hits you.
* * * LOW HITPOINT WARNING * * *
You closely miss the frilled lizard.
* * * LOW HITPOINT WARNING * * *
You feel very sick. The goblin closely misses you. The hobgoblin hits you.
You die...

P~# P~~ P~ ##.# ##.#
##### ...# #...#
#.######## ###...#
#.##.....####rgg..#
##.#.....$)...Kl@..#
...#...#.##.####...#
.......#.##.# #####
...#>..#....#
#.##K..#..###
.......#..#
.......#..#
.......#.## ........


You could see a quokka, a hobgoblin, a goblin, a kobold and a frilled lizard.

Vanquished Creatures
  2 bats (D:1)
  A giant cockroach (D:1)
  A goblin (D:1)
  A hobgoblin (D:1)
  A kobold (D:1)
  A rat (D:1)
  2 bushes (D:1)
9 creatures vanquished.

Notes
Turn   | Place    | Note
-------+----------+-------------------------------------------
     0 | D:1      | SirLogeyBear the Hill Orc Fighter began the quest for the
                  | Orb.
     0 | D:1      | Reached XP level 1. HP: 19/19 MP: 1/1
   217 | D:1      | Reached XP level 2. HP: 10/27 MP: 2/2
   220 | D:1      | HP: 1/27 [poisoned by a goblin]
   220 | D:1      | Slain by a hobgoblin

Illustrated notes

Levels and vault maps discovered:
D:1:      psy_arrival_conway, layout_rooms,
          hellmonk_ecumenical_altar_dog_temple, minmay_pentomino_s4

Action                   || total
-------------------------++-------
Melee: Flail             ||   163
  Use: Potion            ||     1
Armor: Scale mail        ||    52
Dodge: Dodged            ||    41
Block: Buckler           ||    18
